 Dungeon Crawl Stone Soup version 0.30-a0-883-g5ad918d77d (webtiles) character file.

Game seed: 4111883911893002841

218 pokedragonboy the Changer (level 5, -1/44 HPs)
             Began as a Naga Transmuter on Mar 16, 2023.
             Slain by a gnoll
             ... wielding a +0 halberd
              (9 damage)
             ... on level 4 of the Dungeon.
             The game lasted 00:09:16 (3232 turns).

pokedragonboy the Changer (Naga Transmuter)         Turns: 3232, Time: 00:09:17

Health: -1/44      AC:  3    Str: 12    XL:     5   Next: 95%
Magic:  7/9        EV: 10    Int: 21    God:
Gold:   211        SH:  0    Dex: 12    Spells: 4/10 levels left

rFire   . . .      SeeInvis +    q - +7 dagger of Starshine {pain, rC+}
rCold   + . .      Faith    .    (no shield)
rNeg    . . .      Spirit   .    m - +1 animal skin
rPois   +          Reflect  .    n - melded +1 helmet
rElec   .          Rampage  .    (no cloak)
rCorr   .                        (no gloves)
Will    .....                    (no barding)
Stlth   +                        i - amulet of the acrobat
HPRegen 0.27/turn                k - +6 ring of intelligence
MPRegen 0.11/turn                (no ring)

@: appendages, wereblooded, very slow
A: horns 2, AC +1, large, see invisible, deformed body, poison resistance,
slowness 2, spit poison 1, naga tail 1
a: Spit Poison, End Transformation


You were on level 4 of the Dungeon.
You had temporarily grown beastly horns.
You visited 1 branch of the dungeon, and saw 4 of its levels.

You collected 211 gold pieces.

Inventory:

Hand Weapons
 b - a +4 dagger
 q - the +7 dagger of Starshine (weapon) {pain, rC+}
   (You found it on level 3 of the Dungeon)

   rC:        It protects you from cold.
Missiles
 j - 2 javelins
Armour
 a - a +0 robe
 m - a +1 animal skin (worn)
 n - a +1 helmet (melded)
Jewellery
 i - an amulet of the acrobat (around neck)
 k - a +6 ring of intelligence (left hand)
Scrolls
 c - a scroll of blinking {unknown}
 d - a scroll of magic mapping {unknown}
 e - 4 scrolls of identify {unknown}
 g - 2 scrolls of teleportation {unknown}
 o - a scroll of silence {unknown}
 p - a scroll of immolation {unknown}
 s - a scroll of amnesia {unknown}
Potions
 f - a potion of cancellation {unknown}
 h - a potion of magic {unknown}
 l - 2 potions of heal wounds {unknown}
 r - a potion of curing {unknown}


   Skills:
 - Level 1.4 Fighting
 - Level 1.5 Dodging
 - Level 3.2 Unarmed Combat
 + Level 3.1 Spellcasting
 * Level 4.3 Transmutations
 + Level 2.8 Poison Magic


You had 4 spell levels left.
You knew the following spells:

 Your Spells              Type           Power      Damage    Failure   Level
a - Beastly Appendage     Tmut           42%        N/A       2%          1
b - Wereblood             Tmut           21%        N/A       3%          2
c - Spider Form           Tmut/Pois      18%        N/A       9%          3

Your spell library contained the following spells:

 Spells                   Type           Power      Damage    Failure   Level
 Ice Form                 Ice/Tmut       12%        N/A       47%         4
 Animate Dead             Necr           3%         N/A       78%         4
 Haunt                    Necr/Summ      1%         N/A       100%        7
 Malign Gateway           Summ/Tloc      1%         N/A       100%        7
 Infestation              Necr           1%         N/A       100%        8
 Summon Horrible Things   Summ           1%         N/A       100%        8


Dungeon Overview and Level Annotations

Branches:
Dungeon (4/15)
 Temple: D:4-7

Altars:
Elyvilon
Gozag
Nemelex Xobeh

Annotations:
D:3 1 runed translucent door, Crazy Yiuf


Innate Abilities, Weirdness & Mutations

You have temporarily grown beastly horns.
Your serpentine skin is tough. (AC +1)
You have supernaturally acute eyesight. (SInv)
Armour fits poorly on your strangely shaped body.
Your system is resistant to poisons. (rPois)
You cover ground very slowly.
You can spit poison.
You have a snake-like lower body.


Message History

You feel sick.
A gnoll comes into view. It is wielding a +0 halberd.
You feel sick.
You are no longer poisoned.
The hound barks!
The gnoll closely misses you.
Your horns disappear.
Your +1 helmet unmelds from your body.
The gnoll completely misses you. The hound barely misses you.
The gnoll completely misses you.
You hit the gnoll.
The gnoll is lightly wounded.
You howl as the wereblood boils in your veins!
The hound bites you. The hound barely misses you.
The gnoll hits you but does no damage.
Casting: Wereblood (safe; 3% risk of failure)
Confirm with . or Enter, or press ? or * to list all spells.
You grow a pair of large bovine horns.
Your +1 helmet melds into your body.
The hound bites you. The gnoll completely misses you.
You hit the hound but do no damage.
You howl as the wereblood boils in your veins!
The hound bites you but does no damage. The hound closely misses you.
The gnoll closely misses you.
You hit the hound. You headbutt the hound.
The hound is moderately wounded.
The hound bites you but does no damage. The gnoll hits you with a +0 halberd!
You hit the hound. You headbutt the hound.
The hound is severely wounded.
You howl as the wereblood boils in your veins!
The hound closely misses you. The hound bites you. The gnoll barely misses you.
You hit the hound. You headbutt the hound.
The hound is severely wounded.
The hound bites you.
* * * LOW HITPOINT WARNING * * *
The gnoll closely misses you.
You barely miss the hound. Your headbutt misses the hound.
The hound is severely wounded.
The hound bites you.
* * * LOW HITPOINT WARNING * * *
The hound barely misses you. The gnoll hits you with a +0 halberd!
You die...

#.(.#.... #..##..##
#..##..## #......##
#####......+.
###+###+###..##..##..##
#........#...##..##..##
#....h..)#.............
#....g@.)'.............
##..###.###..##########
... #.# #### #######
...P.P..........
#...#.. ~~~~.........>.
#...'.. P.P.P...#####+#
#.<##.. ~~~~....#
####### ..P.P.... ..
......... ..


You could see a hound and a gnoll.

Vanquished Creatures
  A hound (D:4)
  Natasha (D:3)
  A hound zombie (D:3)
  Robin (D:3)
  A gnoll (D:4)
  3 adders (D:2)
  2 adder zombies (D:3)
  An adder skeleton (D:3)
  A worm (D:3)
  3 dart slugs
  An orc (D:3)
  5 bats
  4 endoplasms
  5 giant cockroaches
  13 goblins
  8 hobgoblins
  5 jackals (D:1)
  3 quokkas
  6 ball pythons
  A ball python skeleton (D:3)
  3 kobolds
  A quokka skeleton (D:3)
  7 rats
77 creatures vanquished.

Vanquished Creatures (others)
  21 withered plants (D:3)
21 creatures vanquished.

Grand Total: 98 creatures vanquished

Notes
Turn   | Place    | Note
-------+----------+-------------------------------------------
     0 | D:1      | pokedragonboy the Naga Transmuter began the quest for the
                  | Orb.
     0 | D:1      | Reached XP level 1. HP: 18/18 MP: 3/3
   101 | D:1      | Reached XP level 2. HP: 8/25 MP: 3/5
   221 | D:1      | HP: 1/25 [hobgoblin/+0 spear (4)]
   741 | D:1      | Reached XP level 3. HP: 9/31 MP: 6/6
   830 | D:1      | Learned a level 2 spell: Wereblood
   834 | D:1      | Learned a level 3 spell: Spider Form
  1383 | D:2      | Reached skill level 1 in Poison Magic
  1472 | D:2      | Reached skill level 3 in Transmutations
  1490 | D:2      | Reached XP level 4. HP: 38/38 MP: 7/7
  2008 | D:3      | Noticed Robin
  2049 | D:3      | Killed Robin
  2333 | D:3      | Found a sparkling altar of Nemelex Xobeh.
  2480 | D:3      | Found an opulent altar of Gozag.
  2487 | D:3      | Reached XP level 5. HP: 44/44 MP: 7/9
  2568 | D:3      | Found a white marble altar of Elyvilon.
  2781 | D:3      | Noticed Natasha
  2785 | D:3      | Killed Natasha
  2786 | D:3      | Reached skill level 4 in Transmutations
  2839 | D:3      | Identified the +7 dagger of Starshine {pain, rC+}
  2919 | D:3      | Found a faded altar of an unknown god.
  3050 | D:3      | Found a runed translucent door.
  3051 | D:3      | Noticed Crazy Yiuf
  3232 | D:4      | Slain by a gnoll

Illustrated notes

Levels and vault maps discovered:
D:1:      scummos_arrival_simple_fountains, layout_basic, minmay_hedge_maze
D:2:      layout_rooms
D:3:      layout_loops_ring, nemelex_xobeh_ov_fountains_minmay,
          mainiacjoe_overflow_catch_the_wave,
          ebering_ecumenical_altar_sacrificial, minmay_misc_feat_room,
          dilly_guarded_unrand_morg, uniq_natasha, uniq_robin,
          uniq_crazy_yiuf_cottage
D:4:      layout_gridville, mainiacjoe_overflow_alcove_1, serial_shops, shop,
          dreamdust_gnoll_farm

Skill      XL: |  1  2  3  4  5 |
---------------+----------------+-----
Poison Magic   | 1 2 |  2.8
Transmutations | 3 4 |  4.3
Spellcasting   | 3 |  3.1
Fighting       | |  1.4
Dodging        | |  1.5
Unarmed Combat | |  3.2

Action                     |  1- 3 |  4- 6 || total
---------------------------+-------+-------++-------
  Melee: Unarmed           |    19 |       ||    19
         Headbutt          |     5 |    10 ||    15
         Dagger            |   117 |   140 ||   257
         Punch             |     2 |     2 ||     4
   Cast: Beastly Appendage |    12 |    12 ||    24
         Wereblood         |       |     3 ||     3
Ability: Spit Poison       |    26 |    14 ||    40
    Use: Potion            |       |     1 ||     1
   Stab: Sleeping          |       |     1 ||     1
 Armour: Robe              |    37 |     2 ||    39
         Skin              |       |     8 ||     8
         Animal skin       |       |    28 ||    28
  Dodge: Dodged            |    86 |    81 ||   167

Table legend: (Time is in decaauts)
 A = Elapsed time spent in this place.
 B = Non-inter-level travel time spent in this place.
 C = Inter-level travel time spent in this place.
 D = Time resting spent in this place.
 E = Time spent auto-exploring this place.
 F = Levels seen in this place.
 G = Mean time per level.
                   A        B        C        D        E       F      G
               +--------+--------+--------+--------+--------+-----+--------+
         Total |   3915 |   3805 |    110 |    936 |   2126 |   4 |  978.8 |
       Dungeon |   3915 |   3805 |    110 |    936 |   2126 |   4 |  978.8 |
               +--------+--------+--------+--------+--------+-----+--------+

Top non-repeatable levels by time:
     D:3: 1588 daAuts
     D:1: 1566 daAuts
     D:2: 598 daAuts
     D:4: 163 daAuts
